 Dungeon Crawl Stone Soup version 0.25.0-3-gd7cc5688da (webtiles) character file.

Game seed: 18195936366172117954

16 mopl the Insei (level 2, -3/16 HPs)
             Began as a Kobold Transmuter on June 15, 2020.
             Slain by a gnoll
             ... wielding a +0 whip
              (7 damage)
             ... on level 2 of the Dungeon.
             The game lasted 00:01:03 (595 turns).

mopl the Insei (Kobold Transmuter)                   Turns: 595, Time: 00:01:04

Health: -3/16      AC:  2    Str:  7    XL:     2   Next: 75%
Magic:  5/5        EV: 15    Int: 14    God:
Gold:   48         SH:  0    Dex: 15    Spells: 2/5 levels left

rFire    . . .     SeeInvis .     - Unarmed
rCold    . . .     Gourm    .   (shield restricted)
rNeg     . . .     Faith    .   b - +0 robe
rPois    .         Spirit   .   (no helmet)
rElec    .         Reflect  .   (no cloak)
rCorr    .         Harm     .   (no gloves)
MR       .....                  (no boots)
Stlth    +.........             c - amulet of regeneration
HPRegen  0.45/turn              (no ring)
MPRegen  0.09/turn              (no ring)

@: no status effects
A: small, carnivore
a: no special abilities


You were on level 2 of the Dungeon.
You were completely stuffed.

You visited 1 branch of the dungeon, and saw 2 of its levels.

You collected 48 gold pieces.

Inventory:

Missiles
 a - 12 arrows
 h - 19 stones (quivered)
Armour
 b - a +0 robe (worn)
Jewellery
 c - an amulet of regeneration (around neck)
Scrolls
 e - a scroll of enchant weapon {unknown}
 f - a scroll of enchant armour {unknown}
Comestibles
 d - 4 rations
 g - a chunk of flesh


   Skills:
 - Level 1.1 Fighting
 - Level 2.4 Dodging
 * Level 3.4 Unarmed Combat
 + Level 2.4 Spellcasting
 + Level 2.2 Transmutations


You had 2 spell levels left.
You knew the following spells:

 Your Spells              Type           Power        Failure   Level  Hunger
a - Beastly Appendage     Tmut           #.....       9%          1    #......
w - Sticks to Snakes      Tmut           #.......     14%         2    ###....

Your spell library contained the following spells:

 Spells                   Type           Power        Failure   Level  Hunger
 Spider Form              Tmut/Pois      #.........   38%         3    ###....
 Ice Form                 Ice/Tmut       #.......     80%         4    #####..
 Blade Hands              Tmut           #.........   94%         5    ######.


Dungeon Overview and Level Annotations

Branches:
Dungeon (1/15)

Altars:


Innate Abilities, Weirdness & Mutations

You are small and have problems with some larger weapons.
You are carnivorous and can eat meat at any time.


Message History

Found an escape hatch in the floor.
A worm and a kobold come into view.
As you open the door, it creaks loudly!
The kobold shouts!
The kobold throws a stone.
The stone barely misses you.
The gnoll moves out of view.
The kobold barely misses you.
The hobgoblin hits you but does no damage.
A rat comes into view.
The gnoll closely misses you. The hobgoblin hits you with a +0 club.
The gnoll barely misses you. The gnoll closely misses you.
The gnoll barely misses you. The kobold hits you with a +0 dagger.
The gnoll hits you from afar with a +0 halberd!
Ouch! That really hurt!
* * * LOW HITPOINT WARNING * * *
There is an escape hatch in the floor here.
Found 9 gold pieces.
The kobold closely misses you. The gnoll hits you with a +0 whip!
You die...

. #.#.# .#.# #####
... ..... #######.#
...(#.$
#.....#.###....#...
#...#............
#.......#.......#
#....@..'........
#.....g.#.......#
#.#.gwKg........ #
#....r....#..
#.#....>..# .
#.#..g.g..#
#.#.......#
#.#.......###.#
#.............#


You could see a worm, 4 gnolls, a hobgoblin, a kobold and a rat.

Vanquished Creatures
  A leopard gecko (D:1)
  A giant cockroach (D:1)
  2 hobgoblins (D:1)
  4 jackals (D:1)
  4 kobolds (D:1)
  A frilled lizard (D:1)
  A goblin (D:1)
14 creatures vanquished.

Notes
Turn   | Place    | Note
-------+----------+-------------------------------------------
     0 | D:1      | mopl the Kobold Transmuter began the quest for the Orb.
     0 | D:1      | Reached XP level 1. HP: 12/12 MP: 3/3
     2 | D:1      | Noticed an elf
     4 | D:1      | Noticed a demonspawn
     4 | D:1      | Noticed a dwarf
     6 | D:1      | Noticed a centaur
     6 | D:1      | Noticed a human
     8 | D:1      | Noticed a tengu
     8 | D:1      | Noticed a ghoul
    10 | D:1      | Noticed a draconian
    10 | D:1      | Noticed a naga
    12 | D:1      | Noticed a troll
    12 | D:1      | Noticed a formicid
    14 | D:1      | Noticed a spriggan
    14 | D:1      | Noticed a halfling
    16 | D:1      | Noticed a vine stalker
    18 | D:1      | Noticed a demigod
    18 | D:1      | Noticed a merfolk
    20 | D:1      | Noticed a felid
    20 | D:1      | Noticed an ogre
    22 | D:1      | Noticed a vampire
    24 | D:1      | Noticed a minotaur
    24 | D:1      | Noticed an octopode
    26 | D:1      | Noticed a gargoyle
   290 | D:1      | Reached XP level 2. HP: 14/16 MP: 5/5
   342 | D:1      | Learned a level 2 spell: Sticks to Snakes
   571 | D:1      | You fall into a shaft and drop 1 floor!
   595 | D:2      | Slain by a gnoll

Illustrated notes

Levels and vault maps discovered:
D:1:      kb_arrival_jail, layout_loops_ring
D:2:      minmay_door_path, layout_basic

Action                   || total
-------------------------++-------
Melee: Unarmed           ||    70
       Punch             ||     1
       Headbutt          ||     1
 Cast: Beastly Appendage ||     4
  Eat: Chunk             ||     8
Armor: Robe              ||     5
Dodge: Dodged            ||    60
